 Dungeon Crawl Stone Soup version 0.29-a0-817-g9904bce7a6 (webtiles) character file.

Game seed: 573029869702299444

25 jifgo the Magician (level 2, -1/21 HPs)
             Began as a Mummy Hedge Wizard on July 6, 2022.
             Slain by a quokka (2 damage)
             ... on level 1 of the Dungeon.
             The game lasted 00:03:29 (1075 turns).

jifgo the Magician (Mummy Hedge Wizard)             Turns: 1075, Time: 00:03:30

Health: -1/21      AC:  2    Str: 13    XL:     2   Next: 86%
Magic:  0/7        EV: 12    Int: 13    God:
Gold:   7          SH:  0    Dex: 11    Spells: 5/10 levels left

rFire   x . .      SeeInvis .   a - +0 dagger
rCold   + . .      Faith    .   (no shield)
rNeg    + + +      Spirit   .   b - +0 robe
rPois   ∞          Reflect  .   c - +0 hat
rElec   .          Harm     .   (no cloak)
rCorr   .          Rampage  .   (no gloves)
Will    .....                   (no boots)
Stlth   ++........              (no amulet)
HPRegen 0.07/turn               (no ring)
MPRegen 0.10/turn               (no ring)

@: very slightly contaminated
A: cold resistance 1, negative energy resistance 3, torment resistance 2, heat
vulnerability 1, no potions
a: no special abilities


You were on level 1 of the Dungeon.
You visited 1 branch of the dungeon, and saw 1 of its levels.

You collected 7 gold pieces.

Inventory:

Hand Weapons
 a - a +0 dagger (weapon)
Armour
 b - a +0 robe (worn)
 c - a +0 hat (worn)
Scrolls
 d - a scroll of amnesia {unknown}


   Skills:
 + Level 1.2 Fighting
 - Level 1.5 Dodging
 - Level 1.5 Stealth
 + Level 4.5 Spellcasting
 + Level 1.4 Conjurations
 - Level 0.7 Summonings
 - Level 0.7 Translocations


You had 5 spell levels left.
You knew the following spells:

 Your Spells              Type           Power      Damage    Failure   Level
b - Blink                 Tloc           8%         N/A       22%         2
c - Call Imp              Summ           4%         N/A       22%         2
x - Magic Dart            Conj           24%        1d4       11%         1

Your spell library contained the following spells:

 Spells                   Type           Power      Damage    Failure   Level
 Slow                     Hex            8%         N/A       21%         1
 Conjure Flame            Conj/Fire      4%         6-21      41%         3
 Mephitic Cloud           Conj/Pois/Air  4%         N/A       43%         3


Dungeon Overview and Level Annotations

Branches:
Dungeon (1/15)

Altars:


Innate Abilities, Weirdness & Mutations

You are immune to poison.
Your flesh is cold resistant. (rC+)
You are immune to negative energy. (rN+++)
You are immune to unholy pain and torment.
You are vulnerable to heat. (rF-)
You do not drink.


Message History

You are frozen.
You resist.
You hit the endoplasm.
You kill the endoplasm!
The quokka bites you.
A giant cockroach comes into view.
The quokka bites you.
* * * LOW HITPOINT WARNING * * *
You barely miss the quokka.
The quokka twitches its whiskers.
The quokka bites you.
* * * LOW HITPOINT WARNING * * *
The quokka bites you.
* * * LOW HITPOINT WARNING * * *
Casting: Magic Dart (safe; 11% risk of failure)
Confirm with . or Enter, or press ? or * to list all spells.
Aiming: Magic Dart (safe; 11% risk of failure)
Press: ? - help, Shift-Dir - straight line, f - quokka
Aim: a quokka (100% to hit)
The magic dart hits the quokka.
The quokka is moderately wounded.
The quokka bites you.
* * * LOW HITPOINT WARNING * * *
You hit the quokka.
The quokka is heavily wounded.
The quokka barely misses you.
You closely miss the quokka.
The quokka is heavily wounded.
The quokka closely misses you.
Unknown command.
You closely miss the quokka.
The quokka is heavily wounded.
The giant cockroach bites you.
* * * LOW HITPOINT WARNING * * *
The quokka barely misses you.
Unknown command.
You closely miss the quokka. You punch the quokka.
The quokka is almost dead.
The giant cockroach bites you but does no damage.
The quokka bites you.
You die...

#.....# #####. #
#####.##..##......
####.......†....#..#
..................# .
###..####...#...## ###.#
##............###....# #
####.......[.....>... ##
##.##...........###
.#####..##......@.......
.......##......r.B.$....
#.......................
........................
........................
........###.......>.....
.......†................
.......#................
....##################


You could see a quokka and a giant cockroach.

Vanquished Creatures
  A dart slug (D:1)
  3 ball pythons (D:1)
  An endoplasm (D:1)
  2 giant cockroaches (D:1)
  A goblin (D:1)
  2 hobgoblins (D:1)
  A quokka (D:1)
  A bat (D:1)
  4 frilled lizards (D:1)
16 creatures vanquished.

Vanquished Creatures (collateral kills)
  An endoplasm (D:1)
  4 jackals (D:1)
5 creatures vanquished.

Grand Total: 21 creatures vanquished

Notes
Turn   | Place    | Note
-------+----------+-------------------------------------------
     0 | D:1      | jifgo the Mummy Hedge Wizard began the quest for the Orb.
     0 | D:1      | Reached XP level 1. HP: 13/13 MP: 5/5
    15 | D:1      | Found a faded altar of an unknown god.
   163 | D:1      | Reached skill level 1 in Conjurations
   375 | D:1      | Reached XP level 2. HP: 18/20 MP: 1/7
   379 | D:1      | Learned a level 2 spell: Blink
   382 | D:1      | Learned a level 2 spell: Call Imp
   878 | D:1      | Reached skill level 1 in Fighting
  1071 | D:1      | HP: 1/21 [quokka (2)]
  1075 | D:1      | Slain by a quokka

Illustrated notes

Levels and vault maps discovered:
D:1:      zelgadis_glass_arrival_large, layout_rooms, basic_ecumenical_altar

Skill      XL: |  1  2 |
---------------+-------+-----
Conjurations   | 1 |  1.4
Fighting       | 1 |  1.2
Dodging        | |  1.5
Stealth        | |  1.5
Spellcasting   | |  4.5
Summonings     | |  0.7
Translocations | |  0.7

Action                   || total
-------------------------++-------
Melee: Dagger            ||    16
       Punch             ||     1
 Cast: Magic Dart        ||    38
       Call Imp          ||     1
Armor: Robe              ||     5
Dodge: Dodged            ||    21

Table legend: (Time is in decaauts)
 A = Elapsed time spent in this place.
 B = Non-inter-level travel time spent in this place.
 C = Inter-level travel time spent in this place.
 D = Time resting spent in this place.
 E = Time spent auto-exploring this place.
 F = Levels seen in this place.
 G = Mean time per level.
                   A        B        C        D        E       F      G
               +--------+--------+--------+--------+--------+-----+--------+
         Total |   1075 |   1075 |      0 |    680 |    142 |   1 | 1075.0 |
       Dungeon |   1075 |   1075 |      0 |    680 |    142 |   1 | 1075.0 |
               +--------+--------+--------+--------+--------+-----+--------+

Top non-repeatable levels by time:
     D:1: 1075 daAuts
